 Dungeon Crawl Stone Soup version 0.20-a0-945-g3bf614a (webtiles) character file.

17 Banto the Poker (level 2, -2/22 HPs)
             Began as a Demonspawn Gladiator on Apr 2, 2017.
             Slain by a kobold
             ... wielding a +0 short sword
              (3 damage)
             ... on level 1 of the Dungeon.
             The game lasted 00:00:49 (935 turns).

Banto the Poker (Demonspawn Gladiator)               Turns: 935, Time: 00:00:49

Health: -2/22      AC:  6    Str: 14    XL:     2   Next: 44%
Magic:  2/2        EV: 12    Int:  9    God:
Gold:   39         SH:  0    Dex: 14    Spells: 1/1 levels left

rFire    . . .     SeeInvis .   a - +0 trident
rCold    . . .     Gourm    .   (no shield)
rNeg     . . .     Faith    .   b - +0 leather armour
rPois    .         Spirit   .   c - +0 helmet
rElec    .         Reflect  .   (no cloak)
rCorr    .         Harm     .   (no gloves)
MR       .....                  (no boots)
Stlth    +.........             (no amulet)
Regen    0.1/turn               (no ring)
MPRegen  0.1/turn               (no ring)

@: no status effects
A: slimy green scales 1
a: no special abilities


You were on level 1 of the Dungeon.
You were not hungry.

You visited 1 branch of the dungeon, and saw 2 of its levels.

You collected 39 gold pieces.

Inventory:

Hand Weapons
 a - a +0 trident (weapon)
Missiles
 d - 3 throwing nets (quivered)
Armour
 b - a +0 leather armour (worn)
 c - a +0 helmet (worn)
 h - a cursed +0 pair of gloves
Jewellery
 k - an uncursed amulet of the gourmand {unknown}
Scrolls
 e - a scroll of immolation {unknown}
 j - a scroll of enchant weapon {unknown}
Potions
 l - a potion of agility {unknown}
 m - a potion of heal wounds {unknown}
Comestibles
 f - a bread ration
 g - 2 meat rations
 i - a royal jelly


   Skills:
 - Level 2.0 Fighting
 + Level 3.5 Polearms
 - Level 1.7 Throwing
 - Level 2.6 Dodging


You had one spell level left.
You didn't know any spells.

Dungeon Overview and Level Annotations

Branches:
Dungeon (2/15)

Altars:


Innate Abilities, Weirdness & Mutations

You are partially covered in slimy green scales. (AC +2)


Message History

You closely miss the kobold. The kobold closely misses you.
Attack whom?
Press: ? - help, Dir - move target cursor, f/p - kobold
Aim: a kobold, wielding a short sword You hit the kobold but do no damage.
The kobold hits you but does no damage. x2
Attack whom?
Press: ? - help, Dir - move target cursor, f/p - kobold
Aim: a kobold, wielding a short sword You closely miss the kobold.
The kobold misses you.
Attack whom?
Press: ? - help, Dir - move target cursor, f/p - kobold
Aim: a kobold, wielding a short sword You closely miss the kobold.
The kobold hits you with a short sword.
* * * LOW HITPOINT WARNING * * *
You take 5 damage, and have 1/22 hp.
MASSIVE DAMAGE!!
Attack whom?
Press: ? - help, Dir - move target cursor, f/p - kobold
Aim: a kobold, wielding a short sword You completely miss the kobold.
The kobold hits you with a short sword.
You die...

#.#
##.####...#
#.#
#..........
#.#
#.........#
#.#
#.######.##
#.# #.# ####
#.# #.# # #.#
#.# #
#.##########.#
#
#....@K.....^#
#
##############


You could see a kobold.

Vanquished Creatures
  A dart slug (D:1)
  3 bats
  A goblin (D:1)
  2 hobgoblins (D:1)
  2 frilled lizards
  3 kobolds
  6 rats (D:1)
18 creatures vanquished.

Vanquished Creatures (others)
  A kobold (D:1)
  A rat (D:1)
2 creatures vanquished.

Grand Total: 20 creatures vanquished

Notes
Turn   | Place    | Note
-------+----------+-------------------------------------------
     0 | D:1      | Banto the Demonspawn Gladiator began the quest for the Orb.
     0 | D:1      | Reached XP level 1. HP: 16/16 MP: 1/1
   249 | D:1      | You fall through a shaft!
   266 | D:2      | Reached skill level 3 in Polearms
   394 | D:1      | Gained mutation: You are partially covered in slimy green scales. (AC +2) [demonic ancestry]
   394 | D:1      | Reached XP level 2. HP: 21/22 MP: 2/2
   934 | D:1      | HP: 1/22 [kobold/short sword (5)]
   935 | D:1      | Slain by a kobold

Vault maps used:
D:1:      shiori_arrival_elements, minmay_fountain_box
D:2:      chequers_ecumenical_altar_simple_redux, minivault_5

Skill      XL: |  1 |
---------------+----+-----
Polearms       | 3 |  3.5
Fighting       | |  2.0
Throwing       | |  1.7
Dodging        | |  2.6

Action                   || total
-------------------------++-------
Melee: Trident           ||    65
Armor: Leather armour    ||    21
Dodge: Dodged            ||    33

Table legend:
 A = Turns spent in this place as a percentage of turns spent in the entire game.
 B = Non-inter-level travel turns spent in this place as a percentage of non-inter-level travel turns spent in the entire game.
 C = Inter-level travel turns spent in this place as a percentage of turns spent in this place.
 D = Turns resting spent in this place as a percentage of non-inter-level travel turns spent in this place.
 E = Turns spent auto-exploring this place as a percentage of non-inter-level travel turns spent in this place.
 F = Non-inter-level travel turns spent in this place divided by the number of levels of this place that you've seen.
                   A       B       C       D       E      F
               +-------+-------+-------+-------+-------+----------------------
         Total | 100.0 | 100.0 |   0.4 |   0.9 |  16.2 | 117.0
       Dungeon | 100.0 | 100.0 |   0.4 |   0.9 |  16.2 | 117.0
               +-------+-------+-------+-------+-------+----------------------

Table legend:
 A = Kills in this place as a percentage of kills in entire the game.
 B = Kills by you in this place as a percentage of kills by you in the entire game.
 C = Kills by friends in this place as a percentage of kills by friends in the entire game.
 D = Other kills in this place as a percentage of other kills in the entire game.
 E = Experience gained in this place as a percentage of experience gained in the entire game.
 F = Experience gained in this place divided by the number of levels of this place that you have seen.
                   A       B       C       D       E      F
               +-------+-------+-------+-------+-------+----------------------
         Total | 100.0 | 100.0 |  -nan |  -nan | 100.0 |  12.5
       Dungeon | 100.0 | 100.0 |  -nan |  -nan | 100.0 |  12.5
               +-------+-------+-------+-------+-------+----------------------
